 Dungeon Crawl Stone Soup version 0.23-a0-143-g1adec7b (webtiles) character file.

15 Amnesiac the Caller (level 2, -1/19 HPs)
             Began as a Mummy Summoner on Sept 3, 2018.
             Slain by an orc priest (6 damage)
             ... on level 2 of the Dungeon.
             The game lasted 00:02:22 (1059 turns).

Amnesiac the Caller (Mummy Summoner)                Turns: 1059, Time: 00:02:24

Health: -1/19      AC:  2    Str: 11    XL:     2   Next: 34%
Magic:  0/6        EV: 12    Int: 14    God:
Gold:   81         SH:  0    Dex: 12    Spells: 4/7 levels left

rFire    x . .     SeeInvis .   b - +0 dagger
rCold    + . .     Gourm    .   (no shield)
rNeg     + + +     Faith    .   a - +0 robe
rPois    ∞         Spirit   .   (no helmet)
rElec    .         Reflect  .   (no cloak)
rCorr    .         Harm     .   (no gloves)
MR       .....                  (no boots)
Stlth    ++........             (no amulet)
HPRegen  0.06/turn              (no ring)
MPRegen  0.10/turn              (no ring)

@: no status effects
A: no food or potions, fire vulnerability, cold resistance 1, negative energy
resistance 3, torment resistance, unbreathing
a: no special abilities


You were on level 2 of the Dungeon.
You were not hungry.

You visited 1 branch of the dungeon, and saw 3 of its levels.

You collected 81 gold pieces.

Inventory:

Hand Weapons
 b - a +0 dagger (weapon)
Armour
 a - a +0 robe (worn)
Scrolls
 c - a scroll of magic mapping {!r, unknown}


   Skills:
 - Level 1.5 Dodging
 - Level 1.5 Stealth
 + Level 3.3 Spellcasting
 * Level 3.5 Summonings


You had 4 spell levels left.
You knew the following spells:

 Your Spells              Type           Power        Failure   Level  Hunger
a - Call Imp              Summ           ##......     8%          2    N/A
b - Summon Small Mammal   Summ           ##..         4%          1    N/A

Your spell library contained the following spells:

 Spells                   Type           Power        Failure   Level  Hunger
 Call Canine Familiar     Summ           ##......     14%         3    N/A
 Summon Guardian Golem    Hex/Summ       #.......     30%         3    N/A
 Summon Ice Beast         Ice/Summ       #.......     69%         4    N/A
 Summon Lightning Spire   Summ/Air       #.......     69%         4    N/A

Dungeon Overview and Level Annotations

Branches:
Dungeon (3/15)

Altars:


Innate Abilities, Weirdness & Mutations

You do not eat or drink.
Your flesh is vulnerable to fire.
You are immune to poison.
Your flesh is cold resistant. (rC+)
You are immune to negative energy. (rN+++)
You are immune to unholy pain and torment.
You can survive without breathing.


Message History

The frilled lizard bites you but does no damage.
The frilled lizard bites you but does no damage.
Your white imp gestures at the frilled lizard.
The puff of frost hits the frilled lizard.
The frilled lizard dies!
c - a scroll labeled SON MULYDYURAIL {!r} You swap places.
Your white imp disappears in a puff of smoke!
There is an open door here.
You open the door.
Found a stone staircase leading up.
There is an open door here.
Found a stone staircase leading down.
There is a stone staircase leading down here.
You climb downwards.
Found a faded altar of an unknown god.
There is a stone staircase leading up here.
Found a chain mail.
You open the door.
Found a robe.
There is an open door here.
An adder comes into view.
An adder is nearby!
There is an open door here.
An orc wizard comes into view. It is wielding a dagger.
The orc wizard shouts!
You hear a shout!
The orc wizard gestures at you while chanting.
You resist with significant effort.
An orc priest comes into view.
The orc priest shouts!
The orc wizard gestures wildly while chanting.
The orc wizard seems to speed up.
The orc priest moves out of view.
The orc wizard gestures at you while chanting.
The magic dart hits you!
Ouch! That really hurt!
* * * LOW HITPOINT WARNING * * *
An orc comes into view.
There is a faded altar of an unknown god here.
The orc wizard casts a spell.
The orc wizard blinks!
A scorpion comes into view.
The orc priest hits you but does no damage.
There is a stone staircase leading up here.
You can't go down here!
The orc priest barely misses you.
You climb upwards.
There is a stone staircase leading down here.
Casting: Call Imp (safe; 8% risk of failure)
Confirm with . or Enter, or press ? or * to list all spells.
A beastly little devil appears in a puff of flame.
The orc priest hits you.
* * * LOW HITPOINT WARNING * * *
Casting: Call Imp (safe; 8% risk of failure)
Confirm with . or Enter, or press ? or * to list all spells.
A beastly little devil appears in a puff of flame.
The orc priest hits you.
* * * LOW HITPOINT WARNING * * *
You swap places.
The orc priest barely misses you.
Your crimson imp blinks!
Casting: Call Imp (safe; 8% risk of failure)
Confirm with . or Enter, or press ? or * to list all spells.
A beastly little devil appears in a puff of flame.
The orc priest hits you.
You die...

### ..#
### #.#
... #.#
#.###@#
#..§o5#
###5###
#.##
#..##
##.#.##
##..##.##
##+##
#.#..##.#
#...##
##.#.#.##


You could see an orc priest and 2 friendly crimson imps.

Vanquished Creatures
  A giant cockroach (D:1)
  2 bats (D:1)
3 creatures vanquished.

Vanquished Creatures (collateral kills)
  An ooze (D:1)
  A leopard gecko (D:1)
  A bat (D:1)
  A goblin (D:1)
  4 hobgoblins
  A kobold (D:1)
  A frilled lizard (D:2)
10 creatures vanquished.

Vanquished Creatures (others)
  A hobgoblin (D:1)
1 creature vanquished.

Grand Total: 14 creatures vanquished

Notes
Turn   | Place    | Note
-------+----------+-------------------------------------------
     0 | D:1      | Amnesiac the Mummy Summoner began the quest for the Orb.
     0 | D:1      | Reached XP level 1. HP: 13/13 MP: 4/4
   513 | D:1      | Reached XP level 2. HP: 6/19 MP: 6/6
   770 | D:1      | Learned a level 2 spell: Call Imp
  1036 | D:3      | Found a faded altar of an unknown god.
  1052 | D:3      | Noticed a scorpion
  1059 | D:2      | Slain by an orc priest

Vault maps used:
D:1:      lightli_iron_boxes, eino_curves_04
D:2:      kennysheep_six_static_rooms, grunt_temple_overflow_open
D:3:      chequers_ecumenical_altar_simple_redux

Skill      XL: |  1 |
---------------+----+-----
Spellcasting   | 3 |  3.3
Dodging        | |  1.5
Stealth        | |  1.5
Summonings     | |  3.5

Action                   || total
-------------------------++-------
Melee: Dagger            ||    31
       Unarmed           ||    10
 Cast: Summon Small Mamm ||    10
       Call Imp          ||     6
Armor: Robe              ||    23
Dodge: Dodged            ||    53

Table legend:
 A = Non-vault XP
 B = Vault XP
 C = Vault XP percentage of total XP
 D = Non-vault monster count
 E = Vault monster count
 F = Vault count percentage of total count
                 A         B        C        D         E       F
            +---------+---------+-------+---------+---------+-------
      Total |      20 |       2 |   9.1 |      12 |       2 |  14.3
            +---------+---------+-------+---------+---------+-------
        D:1 |      20 |       0 |   0.0 |      12 |       0 |   0.0
        D:2 |       0 |       2 | 100.0 |       0 |       2 | 100.0
            +---------+---------+-------+---------+---------+-------
